Map: Cyber Forest LE

Players

Lambo - Winner!

  • Race: Zerg Zerg
  • League: Grandmaster
  • Spawn Location: 5:00

MaxPax

  • Race: Protoss Protoss
  • League: Grandmaster
  • Spawn Location: 11:00

VOD

Have the link to the VOD?

Description

Time

  • Played on: Feb. 11, 2019, 9:06 a.m.
  • Length: 8:11
Show
View Real Time Build Order
Export as new Build Order

Lambo Zerg - Winner!

Build Orders: Hatch First 

Get SALT Encoding   

  12  0:00  Drone  
  13  0:12  Overlord  
  13  0:17  Drone  
  14  0:31  Drone x2  
  16  0:48  Hatchery  
  15  0:51  Drone  
  15  0:55  Drone  
  17  0:58  Drone  
  18  1:08  Extractor  
  17  1:14  Spawning Pool  
  17  1:17  Drone  
  17  1:20  Drone  
  18  1:28  Drone  
  19  1:39  Drone  
  20  1:51  Overlord  
  20  2:01  Queen x2, Zergling x4  
  26  2:08  Metabolic Boost  
  26  2:11  Drone x2  
  28  2:21  Drone  
  28  2:22  Drone  
  30  2:35  Hatchery  
  29  2:41  Drone  
  29  2:42  Drone  
  31  2:47  Drone  
  31  2:48  Overlord  
  32  2:54  Queen  
  34  3:01  Drone x2  
  36  3:09  Drone x2  
  36  3:11  Overlord, Drone x2  
  40  3:15  Drone  
  41  3:23  Zergling x4  
  41  3:25  Drone  
  44  3:32  Queen  
  46  3:35  Drone x3  
  46  3:39  Drone  
  50  3:45  Lair, Roach Warren  
  50  3:48  Drone x2  
  51  3:50  Drone  
  51  3:52  Extractor  
  51  3:54  Extractor, Zergling x2  
  51  3:57  Drone x2  
  51  3:59  Drone  
  51  4:02  Overlord  
  54  4:14  Overlord  
  54  4:22  Overlord  
  54  4:29  Roach  
  54  4:30  Roach x5  
  66  4:32  Overlord  
  66  4:35  Roach  
  66  4:36  Roach x2  
  72  4:42  Overlord  
  72  4:44  Overlord  
  72  4:47  Glial Reconstitution  
  72  4:50  Roach x2  
  75  4:58  Roach x2  
  78  5:02  Roach, Zergling x6  
  83  5:08  Roach x2  
  83  5:12  Roach  
  89  5:17  Roach x2  
  89  5:21  Roach  
  95  5:23  Roach  
  95  5:27  Roach x2  
  84  5:30  Roach  
  84  5:32  Roach  
  80  5:36  Roach  
  80  5:40  Roach  
  80  5:41  Zergling x4  
  75  5:45  Roach  
  72  5:53  Roach x3  
  74  5:57  Roach x2  
  74  6:06  Roach x2  
  74  6:09  Zergling x2  
  73  6:14  Roach  
  73  6:15  Zergling x2  
  76  6:19  Roach  
  76  6:25  Roach x2  
  80  6:27  Roach  
  80  6:34  Roach x2  
  80  6:37  Roach  
  83  6:43  Roach x2  
  83  6:47  Roach  
  84  6:48  Queen  
  86  6:54  Roach x2  
  86  6:58  Roach  
  90  7:03  Roach x2  
  94  7:10  Roach x2  
  94  7:14  Roach x2  
  102  7:17  Roach  
  102  7:18  Overlord  
  102  7:21  Roach  
  106  7:25  Overlord  
  106  7:29  Evolution Chamber  
  105  7:30  Drone  
  105  7:32  Overlord  
  106  7:37  Drone  
  106  7:38  Drone x2  
  106  7:41  Drone x2  
  111  7:44  Drone  
  111  7:45  Drone  
  111  7:49  Drone x2  
Show
View Real Time Build Order
Export as new Build Order

MaxPax Protoss 

Build Orders: Nexus First 

Get SALT Encoding   

  12  0:00  Probe  
  13  0:13  Probe  
  14  0:19  Pylon  
  14  0:25  Probe  
  15  0:37  Probe  
  16  0:49  Probe  
  17  1:01  Nexus  
  17  1:11  Probe  
  17  1:13  Gateway  
  18  1:19  Probe  
  18  1:24  Assimilator  
  19  1:28  Probe  
  20  1:35  Assimilator  
  20  1:36  Probe  
  20  1:44  Probe  
  22  1:56  Probe  
  22  1:58  Pylon  
  22  2:00  Cybernetics Core  
  23  2:10  Probe  
  23  2:13  Probe  
  25  2:18  Probe  
  26  2:25  Probe  
  26  2:26  Stalker  
  26  2:27  Probe  
  30  2:37  Probe  
  30  2:39  Probe  
  30  2:40  Warp Gate, Gateway  
  32  2:49  Probe  
  33  2:51  Probe  
  33  2:57  Twilight Council  
  34  3:01  Adept  
  34  3:03  Probe  
  37  3:16  Pylon  
  37  3:21  Gateway  
  37  3:29  Charge  
  37  3:30  Gateway  
  37  3:31  Gateway  
  37  3:37  Pylon  
  37  3:39  Gateway  
  37  3:47  Gateway  
  37  3:50  Gateway  
  37  3:55  Zealot  
  39  3:57  Zealot  
  39  4:02  Gateway  
  41  4:12  Pylon  
  41  4:17  Pylon  
  41  4:26  Pylon  
  41  4:28  Zealot x3  
  47  4:33  Zealot x2  
  51  4:38  Zealot  
  51  4:44  Zealot  
  55  4:54  Zealot x5  
  55  4:55  Zealot  
  65  5:00  Zealot  
  67  5:15  Zealot x5  
  67  5:16  Zealot  
  67  5:20  Zealot  
  77  5:25  Zealot  
  71  5:35  Zealot x3  
  67  5:42  Zealot x2  
  69  5:43  Zealot  
  63  5:50  Zealot x2  
  65  6:01  Zealot x3  
  65  6:11  Zealot x3  
  63  6:15  Zealot  
  63  6:16  Zealot  
  65  6:22  Zealot  
  65  6:28  Zealot  
  65  6:29  Zealot  
  63  6:35  Probe x2  
  61  6:45  Probe  
  51  6:47  Probe  
  39  6:55  Zealot, Probe  
  39  6:56  Zealot x5  
  53  7:01  Probe  
  53  7:04  Probe, Assimilator  
  54  7:10  Assimilator  
  54  7:13  Probe  
  54  7:16  Probe  
  54  7:19  Sentry x2  
  59  7:25  Zealot, Probe  
  59  7:27  Zealot  
  65  7:33  Zealot  
  65  7:34  Zealot  
  69  7:39  Sentry  
  69  7:44  Sentry, Zealot  
  66  7:48  Zealot x2  
  60  7:56  Sentry, Zealot  
  58  8:04  Zealot x2  
Tags
 
Add a new tag
Caveats
  • Supply blocks, unpowered buildings, or Contaminate may cause inaccurate times.
  • Supply counts are checked every 10 seconds.